 Dungeon Crawl Stone Soup version 0.24-a0-451-g263dff2034 (webtiles) character file.

Game seed: 1412093969418518358

523 Mrkan the Cudgeler (level 7, -1/56 HPs)
             Began as a Formicid Abyssal Knight on June 26, 2019.
             Was a Believer of Lugonu.
             Killed from afar by a gargoyle (20 damage)
             ... with a stone arrow
             ... on level 10 of the Dungeon.
             The game lasted 00:09:14 (4220 turns).

Mrkan the Cudgeler (Formicid Abyssal Knight)        Turns: 4220, Time: 00:09:15

Health: -1/56      AC: 10    Str: 18    XL:     7   Next: 46%
Magic:  10/10      EV:  7    Int: 12    God:    Lugonu [**....]
Gold:   184        SH:  0    Dex: 10    Spells: 6/6 levels left

rFire    . . .     SeeInvis +   a - +1 mace
rCold    . . .     Gourm    .   (no shield)
rNeg     . . .     Faith    .   d - +0 chain mail
rPois    .         Spirit   .   (helmet unavailable)
rElec    .         Reflect  .   (no cloak)
rCorr    .         Harm     .   i - +0 pair of gloves
MR       .....                  f - +0 pair of boots
Stlth    ..........             (no amulet)
HPRegen  0.18/turn              (no ring)
MPRegen  0.12/turn              (no ring)

@: no status effects
A: permanent stasis, dig shafts and tunnels, four strong arms, antennae 3
a: Dig, Shaft Self, Depart the Abyss, Bend Space, Renounce Religion


You were on level 10 of the Dungeon.
You worshipped Lugonu.
Lugonu was pleased with you.
You were very hungry.

You visited 1 branch of the dungeon, and saw 8 of its levels.
You visited the Abyss 1 time.

You collected 184 gold pieces.

Inventory:

Hand Weapons
 a - a +1 mace (weapon)
 z - the cursed +0 rapier "Ynuocvom" {speed, MR- Str+3 Int+3}
   (You found it on level 5 of the Dungeon)

   Attacks with this weapon are significantly faster.
   It affects your strength (+3).
   It affects your intelligence (+3).
   It affects your resistance to hostile enchantments.
   It has a curse placed upon it.
Missiles
 l - 5 curare-tipped darts (quivered)
 o - 5 atropa-tipped darts
Armour
 d - a +0 chain mail (worn)
 f - a +0 pair of boots (worn)
 i - a +0 pair of gloves (worn)
Jewellery
 w - an uncursed ring of flight
Wands
 y - a wand of random effects (6)
 A - a wand of flame (20)
Scrolls
 b - a scroll of brand weapon {unknown}
 e - a scroll of noise {unknown}
 g - 3 scrolls of identify
 h - a scroll of random uselessness {unknown}
 j - 3 scrolls of teleportation
 k - a scroll of remove curse
 m - a scroll of enchant weapon {unknown}
 s - a scroll of enchant armour {unknown}
 t - a scroll of immolation {unknown}
 v - 2 scrolls of fear {unknown}
 D - a scroll of amnesia {unknown}
Potions
 n - 2 potions of ambrosia {unknown}
 p - 2 potions of berserk rage {unknown}
 q - a potion of lignification {unknown}
 r - a potion of might {unknown}
 u - a potion of heal wounds
 x - 2 potions of degeneration {unknown}
 B - a potion of curing {unknown}
 C - a potion of cancellation {unknown}
Comestibles
 c - 7 rations


   Skills:
 + Level 5.3 Fighting
 * Level 5.5 Maces & Flails
 - Level 2.1 Armour
 - Level 0.8 Dodging
 + Level 4.8 Invocations


You had 6 spell levels left.
You didn't know any spells.
Your spell library was empty.

Dungeon Overview and Level Annotations

Branches:
Dungeon (11/15)              Lair (0/6) D:8
 Temple: D:4-7          Orc: D:9-12

Altars:
Dithmenos
Elyvilon
Fedhas
Makhleb
Nemelex Xobeh
Okawaru
Uskayaw

Annotations:
D:8 3 runed translucent doors, Tovarisch's ghost, novice FeVM


Innate Abilities, Weirdness & Mutations

You cannot be hasted, slowed, berserked, paralysed or teleported.
You can dig through walls and to a lower floor.
Your four strong arms can wield two-handed weapons with a shield.
You have a pair of large antennae on your head. (SInv)


Message History

You climb upwards.
Found a ration.
There is a stone staircase leading down here.
Found a black potion.
c - 7 rations (gained 1)
C - a black potion A gargoyle comes into view.
It is wielding a +0 mace.
Found a stone staircase leading up.
The gargoyle hurls a stone arrow at you.
The stone arrow hits you.
The gargoyle hurls a stone arrow at you.
The stone arrow hits you!!
The gargoyle hurls a stone arrow at you.
The stone arrow hits you!
The gargoyle hurls a stone arrow at you.
The stone arrow misses you.
There is a stone staircase leading up here.
The gargoyle hurls a stone arrow at you.
The stone arrow hits you!!
You die...

#....#
#....#
#....#
######....#
#.........#
#.........#
#.........#
#.......9.#
#####.@..#
#....#
#....#
#....#
#....#
#....#
#....#
#....#


You could see a gargoyle.

Vanquished Creatures
  A sky beast (D:5)
  A centaur (D:5)
  2 scorpions
  A centaur skeleton (D:4)
  2 orc wizards (D:4)
  A worker ant (D:4)
  A worker ant zombie (D:5)
  5 adders
  A shadow imp (D:5)
  An ooze (D:1)
  A worm (D:3)
  5 dart slugs
  3 leopard geckos
  5 orcs
  A bat zombie (D:2)
  6 goblins
  8 hobgoblins
  2 jackals (D:3)
  3 kobolds
  4 quokkas
  5 bats
  4 frilled lizards
  A jackal skeleton (D:2)
  A leopard gecko zombie (D:2)
  A quokka zombie (D:5)
  6 rats
72 creatures vanquished.

Vanquished Creatures (others)
  2 plants (D:8)
2 creatures vanquished.

Grand Total: 74 creatures vanquished

Notes
Turn   | Place    | Note
-------+----------+-------------------------------------------
     0 | Abyss:1  | Mrkan the Formicid Abyssal Knight began the quest for the
                  | Orb.
     0 | Abyss:1  | Reached XP level 1. HP: 18/18 MP: 2/2
    33 | Abyss:2  | Noticed an ancient zyme
    38 | D:1      | Escaped the Abyss
   148 | D:1      | Reached XP level 2. HP: 22/24 MP: 3/3
   288 | D:1      | Reached * piety under Lugonu
   475 | D:1      | Reached XP level 3. HP: 24/30 MP: 4/4
  1059 | D:2      | Found a sparkling altar of Nemelex Xobeh.
  1145 | D:2      | Reached XP level 4. HP: 34/37 MP: 6/6
  1291 | D:2      | Found a blossoming altar of Fedhas.
  1295 | D:2      | Found a burning altar of Makhleb.
  1297 | D:2      | Found an iron altar of Okawaru.
  1299 | D:2      | Found a white marble altar of Elyvilon.
  1723 | D:3      | Reached ** piety under Lugonu
  2597 | D:4      | Reached XP level 5. HP: 31/42 MP: 7/7
  2630 | D:4      | Reached XP level 6. HP: 10/49 MP: 8/8
  2934 | D:4      | Noticed an ogre
  2944 | D:4      | Noticed an ogre
  3166 | D:5      | Entered Level 5 of the Dungeon
  3183 | D:5      | Got an ichor-stained rapier
  3184 | D:5      | Identified the cursed +0 rapier "Ynuocvom" {speed, MR-
                  | Str+3 Int+3} (You found it on level 5 of the Dungeon)
  3291 | D:5      | Found a hide-covered altar of Uskayaw.
  3360 | D:5      | Found a shadowy altar of Dithmenos.
  3458 | D:5      | Found a white marble altar of Elyvilon.
  3474 | D:5      | Reached skill level 5 in Fighting
  3474 | D:5      | Reached skill level 5 in Maces & Flails
  3474 | D:5      | Reached XP level 7. HP: 32/56 MP: 10/10
  3761 | D:5      | You fall into a shaft and drop 3 floors!
  3765 | D:8      | Noticed a kobold demonologist
  3780 | D:8      | Found a runed translucent gate.
  3781 | D:8      | Found a runed translucent gate.
  3787 | D:8      | Found a runed translucent gate.
  3788 | D:8      | Noticed Tovarisch's ghost (novice FeVM)
  3801 | D:8      | Noticed a yak
  3802 | D:8      | Found a staircase to the Lair.
  3802 | D:8      | Noticed a hippogriff
  3826 | D:8      | You fall into a shaft and drop 3 floors!
  4186 | D:10     | Entered Level 10 of the Dungeon
  4210 | D:10     | Noticed a gargoyle
  4220 | D:10     | Killed from afar by a gargoyle

Levels and vault maps discovered:
D:1:      lightli_arrival_maybe_door_vault, layout_basic
D:2:      layout_loops_corners, minitemple, serial_undead, serial_undead_f,
          serial_undead_e, serial_undead_c, serial_undead_e,
          nemelex_lonely_heart_becter
D:3:      layout_basic, first_ration
D:4:      layout_loops_ring, item_on_display_a
D:5:      layout_loops_ring, grunt_temple_overflow_open, elyvilon_altar_4
D:8:      layout_loops_corners, kennysheep_little_box, david_lair_generic,
          gammafunk_ghost_nasty_kobolds, uniq_joseph
D:10:     layout_gridville, serial_shops, shop_statue, grunt_livestock,
          evilmike_ruin_ashenzari
D:11:     layout_stronghold

Skill      XL: |  1  2  3  4  5  6 |
---------------+-------------------+-----
Maces & Flails | 3 4 5 |  5.5
Invocations    | 3 4 |  4.8
Fighting       | 4 5 |  5.3
Armour         | |  2.1
Dodging        | |  0.8

Action                   |  1- 3 |  4- 6 |  7- 9 || total
-------------------------+-------+-------+-------++-------
Melee: Mace              |    88 |   185 |    59 ||   332
Throw: Dart              |       |       |     3 ||     3
Invok: Depart the Abyss  |     1 |       |       ||     1
 Abil: Shaft Self        |       |       |     2 ||     2
Evoke: Wand              |       |    10 |       ||    10
  Use: Scroll            |       |     1 |     4 ||     5
       Potion            |       |       |     2 ||     2
  Eat: Chunk             |     1 |     4 |     2 ||     7
       Ration            |       |     1 |       ||     1
Armor: Chain mail        |    60 |   123 |    56 ||   239
Dodge: Dodged            |    37 |    95 |    18 ||   150

Table legend:
 A = Non-vault XP
 B = Vault XP
 C = Vault XP percentage of total XP
 D = Non-vault monster count
 E = Vault monster count
 F = Vault count percentage of total count
                 A         B        C        D         E       F
            +---------+---------+-------+---------+---------+-------
      Total |     744 |       4 |   0.5 |      69 |       3 |   4.2
            +---------+---------+-------+---------+---------+-------
        D:1 |      35 |       0 |   0.0 |      15 |       0 |   0.0
        D:2 |      75 |       4 |   5.1 |      21 |       3 |  12.5
        D:3 |      21 |       0 |   0.0 |      11 |       0 |   0.0
        D:4 |     231 |       0 |   0.0 |       9 |       0 |   0.0
        D:5 |     369 |       0 |   0.0 |      12 |       0 |   0.0
       D:11 |      13 |       0 |   0.0 |       1 |       0 |   0.0
            +---------+---------+-------+---------+---------+-------
